 Dungeon Crawl Stone Soup version 0.29-a0-23-ga79f92ac9c (webtiles) character file.

Game seed: 6181254243222143900

111 Wyvernaa the Cudgeller (level 4, -7/35 HPs)
             Began as a Demonspawn Fighter on Jan 30, 2022.
             Mangled by a gnoll (11 damage)
             ... on level 4 of the Dungeon.
             The game lasted 00:05:42 (3350 turns).

Wyvernaa the Cudgeller (Demonspawn Fighter)         Turns: 3350, Time: 00:05:42

Health: -7/35      AC:  7    Str: 18    XL:     4   Next: 62%
Magic:  4/4        EV:  9    Int:  9    God:
Gold:   69         SH:  4    Dex: 13    Spells: 3/3 levels left

rFire   . . .      SeeInvis .   a - +0 flail
rCold   . . .      Faith    .   c - +0 buckler
rNeg    . . .      Spirit   .   b - +0 scale mail
rPois   .          Reflect  .   (helmet restricted)
rElec   .          Harm     .   (no cloak)
rCorr   .          Rampage  .   (no gloves)
Will    .....                   (no boots)
Stlth   ..........              (no amulet)
HPRegen 0.11/turn               (no ring)
MPRegen 0.09/turn               (no ring)

@: mighty
A: horns 1, foul stench 1, sharp scales 1
a: no special abilities


You were on level 4 of the Dungeon.
You visited 1 branch of the dungeon, and saw 4 of its levels.

You collected 69 gold pieces.

Inventory:

Hand Weapons
 a - a +0 flail (weapon)
Armour
 b - a +0 scale mail (worn)
 c - a +0 buckler (worn)
Scrolls
 e - a scroll of immolation
Potions
 f - a potion of magic


   Skills:
 + Level 3.3 Fighting
 * Level 3.5 Maces & Flails
 + Level 3.1 Armour
 + Level 0.5 Dodging
 + Level 3.0 Shields


You had 3 spell levels left.
You didn't know any spells.
Your spell library contained the following spells:

 Spells                   Type           Power      Damage    Failure   Level
 Static Discharge         Conj/Air       0%         N/A       94%         2
 Dispel Undead            Necr           0%         3d6       100%        4
 Sticky Flame             Conj/Fire      0%         2d3       100%        4


Dungeon Overview and Level Annotations

Branches:
Dungeon (4/15)
 Temple: D:4-7

Altars:

Annotations:
D:3 Grinder, Robin


Innate Abilities, Weirdness & Mutations

You have a pair of small horns on your head.
You may rarely emit foul miasma when damaged in melee.
You are partially covered in razor-sharp scales. (AC +1, Slay +1)


Message History

No target in view!
You see here a +0 whip.
You see here a +0 leather armour.
There is a stone staircase leading down here.
The gnoll hits you with a +0 club.
You barely miss the gnoll. You headbutt the gnoll!
The gnoll is heavily wounded.
The gnoll hits you with a +0 club.
You hit the gnoll. You headbutt the gnoll.
You kill the gnoll!
No target in view!
You start resting.
HP restored.
A gnoll comes into view. It is wielding a +3 flail.
The gnoll shouts!
The gnoll moves out of view.
You see here a +0 club.
The gnoll shouts!
You see here a +0 club.
You barely miss the gnoll. The gnoll completely misses you.
You block the gnoll's attack.
You barely miss the gnoll.
You headbutt the gnoll, but do no damage.
The gnoll closely misses you.
You barely miss the gnoll. The gnoll hits you with a +3 flail!
You thump the gnoll!
The gnoll is severely wounded.
The gnoll hits you with a +3 flail! The gnoll hits you with a +3 flail.
* * * LOW HITPOINT WARNING * * *
You thump the gnoll!
You kill the gnoll!
The gnoll hits you with a +0 flail.
* * * LOW HITPOINT WARNING * * *
Okay, then.
Okay, then.
Okay, then.
Okay, then.
You feel very mighty all of a sudden. The gnoll hits you with a +0 flail!
You die...

.... ....# .....
.....## ### .
#....###.###
..#..........##
.........###..##
####....##
##..## ###†.#
##@.## ##)#
##g.# ##.# #.[#
##..# ##.##
#######...##
##)##
.......<...#
#..##
##...###....#
##..## ##.
#....# ##..## #
.###.# ##.g##


You could see a gnoll.

Vanquished Creatures
  3 gnolls (D:4)
  2 adders (D:2)
  3 dart slugs
  An orc (D:3)
  6 endoplasms
  A giant cockroach (D:3)
  8 hobgoblins
  5 jackals
  3 kobolds (D:1)
  4 quokkas
  3 ball pythons
  5 bats
  2 frilled lizards (D:1)
  2 goblins
  5 rats
53 creatures vanquished.

Notes
Turn   | Place    | Note
-------+----------+-------------------------------------------
     0 | D:1      | Wyvernaa the Demonspawn Fighter began the quest for the
                  | Orb.
     0 | D:1      | Reached XP level 1. HP: 18/18 MP: 1/1
   219 | D:1      | Gained mutation: You have a pair of small horns on your
                  | head. [demonic ancestry]
   219 | D:1      | Reached XP level 2. HP: 15/24 MP: 2/2
  1149 | D:2      | Gained mutation: You are partially covered in razor-sharp
                  | scales. (AC +1, Slay +1) [demonic ancestry]
  1149 | D:2      | Reached XP level 3. HP: 25/29 MP: 3/3
  2424 | D:3      | Gained mutation: You may rarely emit foul miasma when
                  | damaged in melee. [demonic ancestry]
  2424 | D:3      | Reached XP level 4. HP: 35/35 MP: 4/4
  2465 | D:3      | Noticed Robin
  2882 | D:3      | Noticed Grinder
  3350 | D:4      | Mangled by a gnoll

Illustrated notes

Levels and vault maps discovered:
D:1:      lemuel_arrival_lava_pool, layout_loops_ring
D:2:      layout_loops_ring, kennysheep_generic_room_6
D:3:      layout_basic, nicolae_elyvilon_peaceful_grove, hangedman_decor_push,
          uniq_robin, uniq_grinder
D:4:      layout_layer_cave, minmay_starry_boxes, uniq_edmund

Skill      XL: |  1  2  3  4 |
---------------+-------------+-----
Maces & Flails | 2 3 |  3.5
Armour         | 3 |  3.1
Shields        | 3 |  3.0
Fighting       | |  3.3
Dodging        | |  0.5

Action                   |  1- 3 |  4- 6 || total
-------------------------+-------+-------++-------
Melee: Flail             |   151 |    27 ||   178
       Headbutt          |    15 |     4 ||    19
  Use: Scroll            |     3 |       ||     3
       Potion            |       |     1 ||     1
Armor: Scale mail        |    64 |     6 ||    70
Dodge: Dodged            |    70 |     8 ||    78
Block: Buckler           |    41 |     5 ||    46

Table legend: (Time is in decaauts)
 A = Elapsed time spent in this place.
 B = Non-inter-level travel time spent in this place.
 C = Inter-level travel time spent in this place.
 D = Time resting spent in this place.
 E = Time spent auto-exploring this place.
 F = Levels seen in this place.
 G = Mean time per level.
                   A        B        C        D        E       F      G
               +--------+--------+--------+--------+--------+-----+--------+
         Total |   3406 |   3363 |     43 |    621 |   2127 |   4 |  851.5 |
       Dungeon |   3406 |   3363 |     43 |    621 |   2127 |   4 |  851.5 |
               +--------+--------+--------+--------+--------+-----+--------+

Top non-repeatable levels by time:
     D:2: 1339 daAuts
     D:1: 1145 daAuts
     D:3: 649 daAuts
     D:4: 273 daAuts
